 Dungeon Crawl Stone Soup version 0.27.1-34-g3ba077fa99 (webtiles) character file.

Game seed: 15522664774312806814

506 McKennaii the Poker (level 6, -10/49 HPs)
             Began as a Demonspawn Fighter on Jan 15, 2022.
             Mangled by a wyvern (13 damage)
             ... on level 4 of the Dungeon.
             The game lasted 00:06:45 (5466 turns).

McKennaii the Poker (Demonspawn Fighter)            Turns: 5466, Time: 00:06:46

Health: -10/49     AC: 10    Str: 18    XL:     6   Next: 97%
Magic:  0/6        EV:  7    Int: 10    God:
Gold:   128        SH:  0    Dex: 12    Spells: 5/5 levels left

rFire    . . .     SeeInvis .   a - +0 trident
rCold    . . .     Faith    .   c - +0 kite shield
rNeg     . . .     Spirit   +   j - +0 chain mail
rPois    .         Reflect  .   (no helmet)
rElec    .         Harm     .   (no cloak)
rCorr    +         Rampage  .   q - +0 pair of gloves
Will     .....                  (no boots)
Stlth    ..........             p - amulet of guardian spirit
HPRegen  0.16/turn              f - ring of resist corrosion
MPRegen  0.10/turn              (no ring)

@: confused, ambrosia-drunk
A: ignite blood 1, sturdy frame 2
a: no special abilities


You were on level 4 of the Dungeon.
You visited 1 branch of the dungeon, and saw 5 of its levels.

You collected 128 gold pieces.

Inventory:

Hand Weapons
 a - a +0 trident (weapon)
Armour
 c - a +0 kite shield (worn)
 j - a +0 chain mail (worn)
 q - a +0 pair of gloves (worn)
Jewellery
 f - a ring of resist corrosion (left hand)
 p - an amulet of guardian spirit (around neck)
Wands
 t - a wand of mindburst (8)
Scrolls
 b - a scroll of magic mapping {unknown}
 g - a scroll of acquirement {unknown}
 h - 2 scrolls of noise {unknown}
 i - a scroll of teleportation {unknown}
 m - a scroll of enchant armour {unknown}
 n - a scroll of silence {unknown}
 r - a scroll of immolation {unknown}
 u - 2 scrolls of amnesia {unknown}
 w - 2 scrolls of identify {unknown}
Potions
 d - 2 potions of might
 e - 5 potions of curing
 l - a potion of flight {unknown}
 o - a potion of lignification {unknown}
 s - a potion of attraction {unknown}
 v - a potion of heal wounds {unknown}


   Skills:
 + Level 4.3 Fighting
 * Level 4.5 Polearms
 + Level 4.0 Armour
 + Level 4.0 Shields


You had 5 spell levels left.
You didn't know any spells.
Your spell library contained the following spells:

 Spells                   Type           Power      Damage    Failure   Level
 Static Discharge         Conj/Air       0%         N/A       100%        2
 Gell's Gravitas          Tloc           0%         N/A       100%        3
 Lesser Beckoning         Tloc           0%         N/A       100%        3
 Teleport Other           Tloc           0%         N/A       100%        3
 Dispel Undead            Necr           0%         3d6       100%        4
 Sticky Flame             Conj/Fire      0%         2d3       100%        4


Dungeon Overview and Level Annotations

Branches:
Dungeon (5/15)
 Temple: D:4-7

Altars:
Ashenzari
Gozag
Qazlal


Innate Abilities, Weirdness & Mutations

Your demonic aura sometimes causes spilled blood to erupt in flames.
Your movements are less encumbered by armour. (ER -4)


Message History

You closely miss the wyvern.
The wyvern is severely wounded.
The wyvern bites you.
* * * LOW HITPOINT WARNING * * *
You block the wyvern's attack.
Unknown command.
You block the wyvern's attack.
Unknown command.
You completely miss the wyvern.
The wyvern is severely wounded.
You block the wyvern's attack. The wyvern bites you.
* * * LOW HITPOINT WARNING * * *
Unknown command.
It was a potion of curing.
You feel better. The wyvern bites you!
* * * LOW HITPOINT WARNING * * *
It was a potion of ambrosia.
You are confused.
You feel invigorated.
The wyvern bites you but does no damage. x2
You bump into the rock wall.
The wyvern bites you but does no damage.
You bump into the rock wall.
The wyvern bites you!
* * * LOW HITPOINT WARNING * * *
The wyvern bites you but does no damage.
You bump into the rock wall.
You feel less invigorated.
You feel less confused. The wyvern bites you!
* * * LOW HITPOINT WARNING * * *
Unknown command.
Unknown command.
There is a stone staircase leading up here.
The wyvern hisses menacingly.
The wyvern bites you.
You climb upwards.
There is a stone staircase leading down here.
You are confused.
You feel invigorated. The wyvern bites you!
* * * LOW HITPOINT WARNING * * *
The wyvern bites you!
You die...

#.........^...#
#.######.###..#
#.######..##..#
#.........[...#
#################.##.##
#......# #.##.#
#†####.# #.##.# #.#
#.##########.##.# #.#
#....<[..l@..##.# #.#
###############.# #.#
#.# ##.######## #.#
..).......###########.#
##.######.............#
#.# ###############
##.# .>.#


You could see a wyvern.

Vanquished Creatures
  A black bear (D:4)
  A water moccasin skeleton (D:4)
  A gnoll shaman (D:4)
  An orc priest (D:3)
  2 iguanas (D:4)
  2 orc wizards
  A hound skeleton (D:4)
  7 gnolls
  4 adders
  2 worms (D:2)
  7 orcs (D:4)
  9 bats
  9 endoplasms
  5 giant cockroaches
  5 goblins
  6 hobgoblins
  2 jackals (D:1)
  6 kobolds
  6 quokkas
  8 ball pythons
85 creatures vanquished.

Vanquished Creatures (others)
  An orc wizard (D:4)
1 creature vanquished.

Grand Total: 86 creatures vanquished

Notes
Turn   | Place    | Note
-------+----------+-------------------------------------------
     0 | D:1      | McKennaii the Demonspawn Fighter began the quest for the
                  | Orb.
     0 | D:1      | Reached XP level 1. HP: 18/18 MP: 1/1
    10 | D:1      | Found a faded altar of an unknown god.
   127 | D:1      | Gained mutation: Your movements are slightly less
                  | encumbered by armour. (ER -2) [demonic ancestry]
   127 | D:1      | Reached XP level 2. HP: 24/24 MP: 2/2
   745 | D:1      | Reached XP level 3. HP: 29/29 MP: 3/3
  1641 | D:2      | Gained mutation: Your demonic aura sometimes causes spilled
                  | blood to erupt in flames. [demonic ancestry]
  1641 | D:2      | Reached XP level 4. HP: 35/35 MP: 4/4
  1890 | D:3      | Found an opulent altar of Gozag.
  2171 | D:3      | Found a stormy altar of Qazlal.
  3529 | D:4      | Reached XP level 5. HP: 41/42 MP: 3/5
  3927 | D:4      | Noticed a black bear
  3954 | D:3      | Gained mutation: Your movements are less encumbered by
                  | armour. (ER -4) [demonic ancestry]
  3954 | D:3      | Reached XP level 6. HP: 28/48 MP: 4/6
  5072 | D:4      | Found a broken altar of Ashenzari.
  5426 | D:5      | Entered Level 5 of the Dungeon
  5440 | D:5      | Noticed a wyvern
  5466 | D:4      | Mangled by a wyvern

Illustrated notes

Levels and vault maps discovered:
D:1:      lightli_arrival_boilingwater, layout_loops_ring,
          hellmonk_ecumenical_altar_crossroads
D:2:      layout_loops_corners
D:3:      layout_basic, lemuel_coloured_pillars_altar, old_standard_altar
D:4:      layout_loops_ring, ashenzari_altar_1, minmay_pentomino_pile
D:5:      layout_basic, mainiacjoe_overflow_alcove_4, cheibriados_altar_1

Skill      XL: |  1  2  3  4  5  6 |
---------------+-------------------+-----
Polearms       | 2 3 4 |  4.5
Armour         | 3 4 |  4.0
Shields        | 3 4 |  4.0
Fighting       | 4 |  4.3

Action                   |  1- 3 |  4- 6 || total
-------------------------+-------+-------++-------
Melee: Trident           |   141 |   247 ||   388
  Use: Potion            |       |     3 ||     3
Armor: Scale mail        |    51 |       ||    51
       Chain mail        |    13 |   130 ||   143
Dodge: Dodged            |    30 |    52 ||    82
Block: Kite shield       |    62 |   121 ||   183
